 Dungeon Crawl Stone Soup version 0.30-a0-883-g5ad918d77d (webtiles) character file.

Game seed: 11387694482908430340

12302 CrazyBamboolord the Markstengu (level 11, -4/68 HPs)
             Began as a Tengu Hunter on Mar 14, 2023.
             Was a Follower of Ru.
             Killed from afar by a frost giant (39 damage)
             ... with a bolt of cold
             ... on level 9 of the Dungeon on Mar 16, 2023.
             The game lasted 00:32:06 (9067 turns).

CrazyBamboolord the Markstengu (Tengu Hunter)       Turns: 9067, Time: 00:32:07

Health: -4/68      AC: 13    Str:  9    XL:     11   Next: 91%
Magic:  0/10       EV: 26    Int: 16    God:    Ru [*.....]
Gold:   259        SH:  0    Dex: 22    Spells: 10/10 levels left

rFire   . . .      SeeInvis +    G - +1 hand crossbow (freeze)
rCold   . . .      Faith    .    (no shield)
rNeg    . . .      Spirit   +    D - +5 robe of Night {Dark Will+ SInv}
rPois   .          Reflect  .    (helmet restricted)
rElec   .          Rampage  .    h - +0 cloak
rCorr   .                        w - +0 pair of gloves
Will    +....                    (boots unavailable)
Stlth   ++                       r - amulet of guardian spirit
HPRegen 0.31/turn                k - +4 ring of protection
MPRegen 0.12/turn                M - +6 ring of intelligence

@: flying quickly and evasively, studying Dodging, quick
A: beak, talons 3, low MP 1, weak 1, nimble flight
a: Renounce Religion


You were on level 9 of the Dungeon.
You worshipped Ru.
Ru was aware of your devotion.
You visited 2 branches of the dungeon, and saw 10 of its levels.

You collected 557 gold pieces.
You spent 298 gold pieces at shops.

Inventory:

Hand Weapons
 z - a +3 shortbow
 G - a +1 hand crossbow of freezing (weapon)
Armour
 c - a +0 leather armour
 h - a +0 cloak (worn)
 m - a +1 robe of cold resistance
 w - a +0 pair of gloves (worn)
 C - +0 steam dragon scales
 D - the +5 robe of Night (worn) {Dark Will+ SInv}
   (You found it on level 7 of the Dungeon)

   Dark:      It shrouds the wearer in darkness, reducing the range at which
   they can see and be seen by others.
   SInv:      It lets you see invisible.
   Will:      It increases your willpower.
Jewellery
 k - a +4 ring of protection (left hand)
 p - a ring of see invisible
 r - an amulet of guardian spirit (around neck)
 H - an amulet of the acrobat
 M - a +6 ring of intelligence (right hand)
Wands
 d - a wand of light (20)
 g - a wand of digging (1)
 E - a wand of polymorph (10)
Scrolls
 b - 2 scrolls of immolation
 e - a scroll of silence
 i - a scroll of fear {unknown}
 j - 2 scrolls of vulnerability {unknown}
 n - 3 scrolls of torment
 o - a scroll of brand weapon {unknown}
 t - 4 scrolls of fog {unknown}
 u - 3 scrolls of amnesia {unknown}
 x - a scroll of acquirement {unknown}
 y - a scroll of blinking {unknown}
 I - a scroll of butterflies
 J - a scroll of noise {unknown}
 K - a scroll of magic mapping {unknown}
Potions
 a - a potion of lignification {unknown}
 l - 4 potions of attraction
 v - 6 potions of curing
 A - a potion of ambrosia
 B - a potion of cancellation
 F - a potion of magic {unknown}
 L - a potion of mutation


   Skills:
 + Level 8.2 Fighting
 + Level 15.6 Ranged Weapons
 - Level 4.3 Armour
 * Level 12.4 Dodging
 + Level 2.1 Stealth


You had 10 spell levels left.
You didn't know any spells.
Your spell library contained the following spells:

 Spells                   Type           Power      Damage    Failure   Level
 Necrotise                Necr           0%         1d4       26%         1
 Call Canine Familiar     Summ           0%         N/A       58%         3
 Portal Projectile        Hex/Tloc       0%         N/A       58%         3
 Vampiric Draining        Necr           0%         2d6       58%         3
 Leda's Liquefaction      Hex/Erth       0%         N/A       94%         4
 Agony                    Necr           0%         N/A       100%        5


Dungeon Overview and Level Annotations

Branches:
Dungeon (9/15)             Temple (1/1) D:5
   Lair: D:8-11         Orc: D:9-12

Altars:
Ashenzari
Cheibriados
Dithmenos
Elyvilon
Fedhas
Gozag
Hepliaklqana
Kikubaaqudgha
Makhleb
Nemelex Xobeh
Qazlal
Ru
Sif Muna
Trog
Uskayaw
Vehumet
Wu Jian
Xom
Yredelemnul
Zin
The Shining One

Shops:
D:3 *   D:5 *   D:7 =   D:8 (   D:9 *

Annotations:
D:7 3 runed translucent doors, gyole's ghost, novice SpHu


Innate Abilities, Weirdness & Mutations

You have a beak for a mouth.
You have claws for feet.
Your magical capacity is low. (-10% MP)
You are weak. (Str -2)
Your magical nature lets you fly swiftly and evasively.


Message History

You shoot a bolt. The bolt hits the frost giant!
The frost giant is severely wounded.
Fire: G) +1 hand crossbow (freeze)
Press: ? - help, Q - select action, (/) - cycle Shift-Dir - straight line, f/p - frost giant
Aim: a frost giant, wielding a +2 battleaxe of freezing (water, severely wounded, 90% to hit)
You shoot a bolt. The bolt hits the frost giant!
The frost giant is severely wounded.
The frost giant gestures at you while chanting.
The bolt of cold hits you!!!
Ouch! That really hurt!
Fire: G) +1 hand crossbow (freeze)
Press: ? - help, Q - select action, (/) - cycle Shift-Dir - straight line, f/p - frost giant
Aim: a frost giant, wielding a +2 battleaxe of freezing (water, severely wounded, 90% to hit)
You shoot a bolt. The bolt hits the frost giant.
The frost giant is severely wounded.
Fire: G) +1 hand crossbow (freeze)
Press: ? - help, Q - select action, (/) - cycle Shift-Dir - straight line, f/p - frost giant
Aim: a frost giant, wielding a +2 battleaxe of freezing (water, severely wounded, 90% to hit)
You shoot a bolt. The bolt hits the frost giant.
The frost giant is severely wounded.
Fire: G) +1 hand crossbow (freeze)
Press: ? - help, Q - select action, (/) - cycle Shift-Dir - straight line, f/p - frost giant
Aim: a frost giant, wielding a +2 battleaxe of freezing (water, severely wounded, 90% to hit)
You shoot a bolt. The bolt hits the frost giant!
The frost giant is almost dead.
The frost giant casts a spell at you. The bolt of cold misses you.
The frost giant casts a spell at you. The bolt of cold misses you.
Fire: G) +1 hand crossbow (freeze)
Press: ? - help, Q - select action, (/) - cycle Shift-Dir - straight line, f/p - frost giant
Aim: a frost giant, wielding a +2 battleaxe of freezing (water, severely wounded, 90% to hit)
You shoot a bolt.
The bolt hits the frost giant but does no damage.
The frost giant is severely wounded.
The ice beast closely misses you.
The frost giant points at you and mumbles some strange words.
The bolt of cold hits you!!!
Ouch! That really hurt!
You die...

......≈≈≈≈≈≈≈# #######≈≈≈
###...~≈≈≈≈≈~## ##≈≈≈≈
......~≈≈≈≈≈~.# ##≈≈≈≈≈
##....~≈≈≈≈≈~~## ##≈≈≈≈##
##...~≈≈≈≈≈≈≈≈## ###≈≈≈###
#...~~≈≈≈≈≈≈≈≈### ####≈≈≈≈##
#....~~≈≈≈≈≈≈≈≈≈###≈≈≈≈≈≈≈#
#....~≈≈≈≈≈≈≈≈≈≈≈≈≈≈≈≈≈≈≈##
#....~≈≈≈≈≈≈≈≈@≈≈≈≈≈≈≈≈≈≈#
#...(~≈≈≈≈≈≈≈≈Y○°≈≈≈≈≈≈≈≈#
###....~~≈≈≈≈≈≈≈≈≈°≈≈≈≈≈≈≈##
.....[.~≈≈≈≈≈≈≈≈≈≈≈°≈≈≈≈≈≈#
###....~≈≈≈≈≈≈≈≈≈≈≈≈°≈≈≈≈≈## #
#....~~≈≈≈≈≈≈≈≈≈~~≈C≈≈≈≈≈# #
#....~≈≈≈≈≈≈≈≈≈≈.≈≈≈≈≈≈≈≈###
###)...~~≈≈≈≈≈≈≈≈≈~~≈≈≈≈≈≈≈≈≈##
.(.....~~~≈≈≈≈≈≈≈≈≈≈≈≈≈≈≈≈≈≈≈≈###


You could see a frost giant and an ice beast.

Vanquished Creatures
  An ice dragon (D:9)
  Erica (D:8)
  Amaemon (D:7)
  An ice statue (D:9)
  Maurice (D:8)
  2 rust devils (D:7)
  An orange demon (D:7)
  A troll (D:9)
  5 dream sheep (D:7)
  A hornet (D:8)
  3 shadows
  14 yaks
  3 steam dragons
  A water moccasin (D:3)
  4 orc warriors
  12 ice beasts
  3 centaurs
  An ogre (D:5)
  3 kobold brigands
  6 bullfrogs
  14 wights
  7 killer bees (D:9)
  9 electric eels (D:9)
  4 crimson imps (D:5)
  5 hounds
  Crazy Yiuf (D:3)
  4 orc priests
  5 orc wizards
  Terence (D:2)
  4 iguanas
  9 adders
  A white imp (D:6)
  3 ufetubi
  A worm (D:3)
  A dart slug (D:4)
  21 orcs
  10 endoplasms
  8 goblins
  7 hobgoblins
  5 jackals
  2 quokkas (D:2)
  7 ball pythons
  9 bats
  A frilled lizard (D:1)
  29 kobolds
  5 rats
238 creatures vanquished.

Vanquished Creatures (others)
  An ice beast (D:9)
  A bullfrog (D:9)
  A fungus (D:3)
  A plant (D:8)
4 creatures vanquished.

Grand Total: 242 creatures vanquished

Notes
Turn   | Place    | Note
-------+----------+-------------------------------------------
     0 | D:1      | CrazyBamboolord the Tengu Hunter began the quest for the
                  | Orb.
     0 | D:1      | Reached XP level 1. HP: 12/12 MP: 2/2
   145 | D:1      | Reached XP level 2. HP: 17/17 MP: 3/3
   778 | D:2      | Reached skill level 5 in Ranged Weapons
   919 | D:2      | Reached XP level 3. HP: 21/21 MP: 4/4
   924 | D:2      | Noticed Terence
   932 | D:2      | Killed Terence
   933 | D:2      | Reached skill level 1 in Armour
  1144 | D:2      | Reached XP level 4. HP: 16/27 MP: 5/5
  1372 | D:3      | Found a faded altar of an unknown god.
  1522 | D:3      | Found Zin's Purification Station.
  1524 | D:3      | Found a glowing silver altar of Zin.
  1545 | D:3      | Upgraded the game from 0.30-a0-879-ga8ba668304 to
                  | 0.30-a0-883-g5ad918d77d
  1687 | D:3      | Gained mutation: Your magical nature lets you fly swiftly
                  | and evasively. [Tengu growth]
  1687 | D:3      | Reached XP level 5. HP: 31/31 MP: 6/6
  1687 | D:3      | Noticed a water moccasin
  1690 | D:3      | Reached skill level 6 in Ranged Weapons
  1726 | D:3      | Killed a water moccasin
  1849 | D:3      | Reached XP level 6. HP: 37/37 MP: 7/7
  1879 | D:3      | Identified the +1 trident of Offence {pain, rC+ Int+3
                  | Dex+3}
  1989 | D:3      | Found a runed translucent door.
  1990 | D:3      | Noticed Crazy Yiuf
  2008 | D:3      | Killed Crazy Yiuf
  2202 | D:4      | Found a hazy altar of Hepliaklqana.
  2376 | D:4      | Reached skill level 7 in Ranged Weapons
  2653 | D:5      | Entered Level 5 of the Dungeon
  2740 | D:5      | Found a staircase to the Ecumenical Temple.
  2768 | D:5      | Found a snail-covered altar of Cheibriados.
  2782 | Temple   | Entered the Ecumenical Temple
  2982 | Temple   | Became a worshipper of Ru the Awakened
  3042 | D:5      | Found a shimmering altar of Xom.
  3064 | D:5      | Reached XP level 7. HP: 41/41 MP: 8/8
  3182 | D:5      | Reached skill level 8 in Ranged Weapons
  3337 | D:5      | Found Mywikhleo's CLEARANCE SALE!.
  3853 | D:6      | Reached XP level 8. HP: 48/48 MP: 9/9
  3877 | D:6      | Reached skill level 9 in Ranged Weapons
  4007 | D:6      | Reached skill level 10 in Ranged Weapons
  4222 | D:6      | Gained mutation: Your magical capacity is low. (-10% MP)
                  | [Ru sacrifice]
  4557 | D:7      | Found a runed translucent gate.
  4558 | D:7      | Found a runed translucent gate.
  4567 | D:7      | Reached XP level 9. HP: 46/52 MP: 9/9
  4819 | D:7      | Reached skill level 11 in Ranged Weapons
  4867 | D:7      | Found a runed translucent gate.
  4901 | D:7      | Found a shimmering blue altar of Sif Muna.
  4973 | D:6      | Noticed a rust devil
  4973 | D:6      | Noticed a rust devil
  5003 | D:7      | Reached skill level 5 in Fighting
  5003 | D:7      | Reached skill level 5 in Dodging
  5315 | D:7      | Found Atej's Jewellery Shop.
  5343 | D:7      | Reached skill level 12 in Ranged Weapons
  5377 | D:7      | Reached XP level 10. HP: 27/60 MP: 4/10
  5549 | D:7      | Found the +5 robe of Night {Dark Will+ SInv}
  5660 | D:7      | Killed a rust devil
  5661 | D:7      | Reached skill level 13 in Ranged Weapons
  5861 | D:7      | Found an opulent altar of Gozag.
  5999 | D:7      | Noticed gyole's ghost (novice SpHu)
  6059 | D:7      | Killed a rust devil
  6195 | D:8      | Found a basalt altar of Yredelemnul.
  6272 | D:8      | Noticed Amaemon
  6273 | D:8      | Noticed an orange demon
  6495 | D:7      | Killed Amaemon
  6665 | D:7      | Killed an orange demon
  6804 | D:8      | Reached skill level 14 in Ranged Weapons
  6881 | D:8      | Noticed Maurice
  6899 | D:8      | Reached skill level 10 in Dodging
  6917 | D:8      | Killed Maurice
  6918 | D:8      | Reached XP level 11. HP: 55/67 MP: 10/10
  7047 | D:8      | Noticed Erica
  7086 | D:8      | Killed Erica
  7135 | D:8      | Found a white marble altar of Elyvilon.
  7234 | D:8      | Found Ycan's Hydra Hut.
  7236 | D:8      | Noticed an eight-headed hydra
  7239 | D:8      | Bought a +1 hand crossbow of freezing for 186 gold pieces
  7648 | D:9      | Reached skill level 15 in Ranged Weapons
  7656 | D:9      | Gained mutation: You are weak. (Str -2) [Ru sacrifice]
  7656 | D:9      | Reached * piety under Ru
  7879 | D:9      | Identified the +0 leather armour "Giakk" {rF- Str+4 Dex+2}
  8453 | D:9      | Noticed a frost giant
  8594 | D:9      | Found Qanwagus's Changing Room.
  8603 | D:9      | Bought a potion of mutation for 112 gold pieces
  8653 | D:9      | Found a sparkling altar of Nemelex Xobeh.
  8653 | D:9      | Found a bloodstained altar of Trog.
  8816 | D:9      | Noticed an ice dragon
  8979 | D:9      | Killed an ice dragon
  8991 | D:9      | Identified the +8 hand axe of Bodily Humours {protect, rC+
                  | SInv}
  9067 | D:9      | Killed from afar by a frost giant

Illustrated notes

Levels and vault maps discovered:
D:1:      wander_arrival_lonely_grave, layout_loops_ring
D:2:      layout_basic, uniq_terence
D:3:      minmay_octagon_keep, layout_basic, zin_purify,
          shapermc_ecumenical_altar_starsandcircs, kennysheep_generic_room_7,
          uniq_crazy_yiuf_cottage
D:4:      layout_loops_ring, mainiacjoe_overflow_small_starburst, serial_glass,
          glass_columns_a, glass_columns_b, feat_on_display, feat_on_display
D:5:      layout_rooms, mainiacjoe_overflow_alcove_1, led_xom_imps,
          minmay_temple_entry_junction, nicolae_shop_clearance
D:6:      cheibrodos_iron_armory, layout_cave_pools
D:7:      layout_cave_pools, nicolae_sif_muna_condensation, serial_shops,
          kennysheep_little_box, ebering_ghost_gozag,
          hellmonk_guarded_unrand_night
D:8:      layout_rooms, mainiacjoe_overflow_chevrons, lemuel_crystal_altar,
          doesnt_shop_hydraphobe, uniq_erica, uniq_maurice, uniq_amaemon
D:9:      minmay_twisted_water, layout_rooms,
          gammafunk_temple_overflow_elements, nicolae_transmutations_shop
Temple:   hellmonk_temple_forest_ring

Skill      XL: |  1  2  3  4  5  6  7  8  9 10 11 |
---------------+----------------------------------+-----
Ranged Weapons | 5 6 7 8 10 12 14 15 | 15.6
Armour         | 1 2 3 4 |  4.3
Fighting       | 3 4 5 7 8 |  8.2
Dodging        | 3 4 6 10 12 | 12.4
Stealth        | 2 |  2.1

Action                     |  1- 3 |  4- 6 |  7- 9 | 10-12 || total
---------------------------+-------+-------+-------+-------++-------
   Fire: Shortbow          |    79 |   222 |   274 |   250 ||   825
         Hand crossbow     |       |       |       |   215 ||   215
 Invoke: Sacrifice Essence |       |       |     1 |       ||     1
         Sacrifice Purity  |       |       |       |     1 ||     1
    Use: Potion            |       |     5 |       |    10 ||    15
         Scroll            |       |     4 |     2 |     6 ||    12
 Armour: Leather armour    |     7 |       |       |       ||     7
         Robe              |       |    34 |    33 |    51 ||   118
         Steam dragon scal |       |       |     6 |     1 ||     7
  Dodge: Dodged            |    24 |   134 |   127 |   350 ||   635

Table legend: (Time is in decaauts)
 A = Elapsed time spent in this place.
 B = Non-inter-level travel time spent in this place.
 C = Inter-level travel time spent in this place.
 D = Time resting spent in this place.
 E = Time spent auto-exploring this place.
 F = Levels seen in this place.
 G = Mean time per level.
                   A        B        C        D        E       F      G
               +--------+--------+--------+--------+--------+-----+--------+
         Total |   8770 |   8413 |    357 |   2105 |   4211 |  10 |  877.0 |
       Dungeon |   8579 |   8249 |    330 |   2105 |   4088 |   9 |  953.2 |
        Temple |    190 |    163 |     27 |      0 |    122 |   1 |  190.0 |
               +--------+--------+--------+--------+--------+-----+--------+

Top non-repeatable levels by time:
     D:7: 1596 daAuts
     D:9: 1492 daAuts
     D:6: 1215 daAuts
     D:2: 835 daAuts
     D:8: 824 daAuts
     D:3: 815 daAuts
     D:5: 798 daAuts
     D:1: 523 daAuts
     D:4: 477 daAuts
  Temple: 190 daAuts
